 Dungeon Crawl Stone Soup version 0.31-a0-819-gf6de2f5ab6 (webtiles) character file.

Game seed: 16459887858486654370

9 Leeroy the Ruffian (level 2, -1/25 HPs)
             Began as a Draconian Shapeshifter on Sept 23, 2023.
             Slain by a hobgoblin (3 damage)
             ... on level 1 of the Dungeon.
             The game lasted 00:00:25 (172 turns).

Leeroy the Ruffian (Draconian Shapeshifter)          Turns: 172, Time: 00:00:26

Health: -1/25      AC:  4    Str: 16    XL:     2   Next: 6%
Magic:  2/2        EV: 12    Int: 10    God:
Gold:   6          SH:  0    Dex: 10    Spells: 1/1 levels left

rFire   . .          .
                       - Unarmed
rCold   . . .        (no shield)
rNeg    . . .        (body armour unavailable)
rPois   .            (helmet currently unavailable)
rElec   .            (cloak currently unavailable)
rCorr   .            (gloves currently unavailable)
SInv    .            (boots currently unavailable)
Will    .....        (no amulet)
Stlth   +            (no ring)
HPRegen 0.24/turn    (no ring)
MPRegen 0.08/turn

%: no passive effects
@: beast-form
A: beast (slay +1), AC +4, unfitting armour, cold-blooded
a: Begin Untransformation


You were on level 1 of the Dungeon.
You were a hulking beast.
You visited 1 branch of the dungeon, and saw 1 of its levels.

You collected 6 gold pieces.

Inventory:

Talismans
 b - a beast talisman (active)
 c - a flux talisman
Potions
 a - a potion of lignification


   Skills:
 + Level 2.4 Fighting
 - Level 1.7 Dodging
 - Level 3.0 Unarmed Combat
 - Level 3.0 Shapeshifting


You had one spell level left.
You didn't know any spells.
Your spell library was empty.

Dungeon Overview and Level Annotations

Branches:
Dungeon (1/15)

Altars:


Innate Abilities, Weirdness & Mutations

You are a hulking beast.
Your limbs bulge with bestial killing power. (Slay +1)
Your plain brown scales are hard. (AC +4)
You cannot fit into any form of body armour.
You are cold-blooded and may be slowed by cold attacks.


Message History

The dart slug bites you.
You have reached level 2!
You hit the dart slug.
The dart slug is moderately wounded.
The rat closely misses you. The dart slug bites you.
You barely miss the dart slug.
The dart slug is moderately wounded.
The rat closely misses you.
You hit the dart slug. You tail-slap the dart slug.
The dart slug is severely wounded.
The rat bites you.
A hobgoblin comes into view.
The dart slug closely misses you.
You are too injured to fight recklessly!
You are too injured to fight recklessly!
The hobgoblin shouts!
You hit the dart slug but do no damage.
The dart slug is severely wounded.
The rat barely misses you. The dart slug launches a dart at you.
The slug dart hits you.
You closely miss the rat. The rat closely misses you.
You barely miss the rat. The rat closely misses you.
The dart slug bites you but does no damage.
You hit the rat.
You kill the rat!
The dart slug launches a dart at you. The slug dart hits you.
* * * LOW HITPOINT WARNING * * *
You hit the kobold.
The kobold is moderately wounded.
The kobold hits you with a +3 short sword of speed.
* * * LOW HITPOINT WARNING * * *
You punch the kobold!
You kill the kobold!
The dart slug barely misses you.
You hit the dart slug.
The dart slug is almost dead.
The hobgoblin hits you.
You die...

##+#########
#..........#
...........#
...........#
......g....###
..$...wh.....#
.....###...#.#
..# #...#.#
#...#.# . #...#.#
.. #...#.# ...
..##...#.###....
..
#...............
..#
#########..##....


You could see a dart slug and a hobgoblin.

Vanquished Creatures
  An endoplasm (D:1)
  A giant cockroach (D:1)
  3 hobgoblins (D:1)
  A ball python (D:1)
  2 kobolds (D:1)
  A rat (D:1)
9 creatures vanquished.

Notes
Turn   | Place    | Note
-------+----------+-------------------------------------------
     0 | D:1      | Leeroy the Draconian Shapeshifter began the quest for the
                  | Orb.
     0 | D:1      | Reached XP level 1. HP: 16/16 MP: 1/1
   163 | D:1      | Reached XP level 2. HP: 15/25 MP: 2/2
   172 | D:1      | Slain by a hobgoblin

Illustrated notes

Levels and vault maps discovered:
D:1:      dpeg_arrival_water_temple_mockup, layout_basic, minivault_5,
          minmay_strange_pillars, nicolae_concentric_dashed_squares_mild,
          chequers_serial_rivers_micro_e

Skill      XL: |  1 |
---------------+----+-----
Fighting       | 2 |  2.4
Dodging        | |  1.7
Unarmed Combat | |  3.0
Shapeshifting  | |  3.0

Action                     || total
---------------------------++-------
  Melee: Unarmed           ||    33
         Tailslap          ||     4
 Armour: Skin              ||    17
  Dodge: Dodged            ||    20

Table legend: (Time is in decaauts)
 A = Elapsed time spent in this place.
 B = Non-inter-level travel time spent in this place.
 C = Inter-level travel time spent in this place.
 D = Time resting spent in this place.
 E = Time spent auto-exploring this place.
 F = Levels seen in this place.
 G = Mean time per level.
                   A        B        C        D        E       F      G
               +--------+--------+--------+--------+--------+-----+--------+
         Total |    170 |    170 |      0 |      0 |    123 |   1 |  170.0 |
       Dungeon |    170 |    170 |      0 |      0 |    123 |   1 |  170.0 |
               +--------+--------+--------+--------+--------+-----+--------+

Top non-repeatable levels by time:
     D:1: 170 daAuts
